TOP OF THE 1ST |
Minnesota (NYP) Twins batting - Pitching for Staten Island Yankees : RHP Ruud Reintjens
|
Pitching: RHP Ruud Reintjens
|
|
Batting: LHB Chris Munguia
|
0-0: Fly out, F8 (Flyball, 78D, EV 100.6 MPH)
|
Batting: RHB David Nardone
|
0-0: Ball 1-0: Called Strike 1-1: Swinging Strike 1-2: SINGLE (Line Drive, 89M, EV 99.4 MPH)
|
Batting: RHB Miguel Diaz
|
0-0: Called Strike 0-1: Swinging Strike 0-2: Ball 1-2: Fly out, F9 (Line Drive, 9D, EV 91.9 MPH)
|
Batting: RHB Jose Nunez
|
0-0: Called Strike David Nardone steals 2nd, throwing error, E2 David Nardone to third 0-1: Foul Ball, location: 2F 0-2: Ball 1-2: Ground out 5-3 (Groundball, 56, EV 100.6 MPH)
|
Top of the 1st over - 0 runs, 1 hit, 1 error, 1 left on base; Minnesota (NYP) 0 - Staten Island 0 |
BOTTOM OF THE 1ST |
Staten Island Yankees batting - Pitching for Minnesota (NYP) Twins : RHP Dean Huch
|
Pitching: RHP Dean Huch
|
|
Batting: RHB Luwen Storm
|
0-0: Ball 1-0: Ball 2-0: Ball 3-0: Base on Balls
|
Batting: RHB Steve Martin
|
0-0: Called Strike Luwen Storm steals 2nd base 0-1: Ground out 4-3 (Groundball, 4, EV 105.0 MPH) Luwen Storm to third
|
Batting: LHB Roald Jacobs
|
0-0: Ground out 4-3 (Groundball, 4, EV 85.0 MPH) Luwen Storm scores
|
Batting: RHB Andres Valles
|
0-0: Foul Ball, location: 2F 0-1: Ball 1-1: Ball 2-1: Foul Ball, location: 2F 2-2: Strikes out swinging
|
Bottom of the 1st over - 1 run, 0 hits, 0 errors, 0 left on base; Minnesota (NYP) 0 - Staten Island 1 |
TOP OF THE 2ND |
Minnesota (NYP) Twins batting - Pitching for Staten Island Yankees : RHP Ruud Reintjens
|
Batting: RHB Sean Gould
|
0-0: Ball 1-0: Foul Ball, location: 2F 1-1: Fly out, F7 (Flyball, 7, EV 87.5 MPH)
|
Batting: RHB Graham Calvert
|
0-0: Foul Ball, location: 2F 0-1: Ball 1-1: Foul Ball, location: 2F 1-2: SINGLE (Flyball, 5D, EV 102.5 MPH)
|
Batting: RHB Tony Crespo
|
0-0: Called Strike 0-1: Called Strike 0-2: SINGLE (Groundball, 4M, EV 104.4 MPH) (infield hit) Graham Calvert to second
|
Batting: SHB Donell Burney
|
0-0: SINGLE (Groundball, 4MD, EV 105.6 MPH) Graham Calvert to third Tony Crespo to second
|
Batting: RHB Ruben Torres
|
0-0: Called Strike 0-1: Swinging Strike 0-2: Foul Ball, location: 2F 0-2: Ball 1-2: Hit by Pitch Graham Calvert scores Tony Crespo to third Donell Burney to second
|
Batting: LHB Chris Munguia
|
0-0: Called Strike 0-1: Foul Ball, location: 2F 0-2: Ball 1-2: Ball 2-2: Ball 3-2: Foul Ball, location: 2F 3-2: Foul Ball, location: 2F 3-2: Fielders Choice at 2nd, 4-6 (Groundball, 4M, EV 84.4 MPH) Tony Crespo scores Donell Burney to third
|
Batting: RHB David Nardone
|
0-0: Fly out, F8 (Flyball, 78D, EV 101.9 MPH)
|
Top of the 2nd over - 2 runs, 3 hits, 0 errors, 2 left on base; Minnesota (NYP) 2 - Staten Island 1 |
BOTTOM OF THE 2ND |
Staten Island Yankees batting - Pitching for Minnesota (NYP) Twins : RHP Dean Huch
|
Batting: LHB Tatsuo Yasui
|
0-0: Swinging Strike 0-1: Fly out, F7 (Flyball, 7S, EV 91.2 MPH)
|
Batting: RHB Chris Diaz
|
0-0: Ball 1-0: Called Strike 1-1: Fly out, F7 (Line Drive, 7, EV 96.2 MPH)
|
Batting: LHB Mario Hurtado
|
0-0: Ball 1-0: Ball 2-0: Ground out 6-3 (Groundball, P, EV 87.5 MPH)
|
Bottom of the 2nd over - 0 runs, 0 hits, 0 errors, 0 left on base; Minnesota (NYP) 2 - Staten Island 1 |
TOP OF THE 3RD |
Minnesota (NYP) Twins batting - Pitching for Staten Island Yankees : RHP Ruud Reintjens
|
Batting: RHB Miguel Diaz
|
0-0: Called Strike 0-1: Foul Ball, location: 2F 0-2: Ball 1-2: Strikes out swinging
|
Batting: RHB Jose Nunez
|
0-0: Foul Ball, location: 2F 0-1: Called Strike 0-2: Ball 1-2: DOUBLE (Flyball, 78D, EV 105.6 MPH)
|
Batting: RHB Sean Gould
|
0-0: Called Strike 0-1: Ball 1-1: Ball 2-1: SINGLE (Groundball, 25, EV 74.4 MPH) (infield hit) Jose Nunez to third
|
Batting: RHB Graham Calvert
|
0-0: SINGLE (Groundball, 6MD, EV 101.2 MPH) Jose Nunez scores Sean Gould to second
|
Batting: RHB Tony Crespo
|
0-0: Fielders Choice at 2nd, 1-4 (Groundball, P, EV 72.5 MPH) Sean Gould to third
|
Batting: SHB Donell Burney
|
0-0: Ball 1-0: Called Strike 1-1: Ball 2-1: Swinging Strike 2-2: Strikes out swinging
|
Top of the 3rd over - 1 run, 3 hits, 0 errors, 2 left on base; Minnesota (NYP) 3 - Staten Island 1 |
BOTTOM OF THE 3RD |
Staten Island Yankees batting - Pitching for Minnesota (NYP) Twins : RHP Dean Huch
|
Batting: RHB Chris Yancey
|
0-0: Called Strike 0-1: Swinging Strike 0-2: Foul Ball, location: 2F 0-2: SINGLE (Groundball, 5L, EV 96.2 MPH)
|
Batting: SHB Victor Martinez
|
0-0: Called Strike 0-1: Ball 1-1: Swinging Strike 1-2: Grounds into double play, 5-4-3 (Groundball, 56, EV 110.0 MPH)
|
Batting: RHB Luwen Storm
|
0-0: Ball 1-0: Called Strike 1-1: Swinging Strike 1-2: Ball 2-2: Foul Ball, location: 2F 2-2: Foul Ball, location: 2F 2-2: Ball 3-2: Base on Balls
|
Batting: RHB Steve Martin
|
0-0: Ball Luwen Storm steals 2nd base 1-0: Ball 2-0: Ball 3-0: Called Strike 3-1: Swinging Strike 3-2: Base on Balls
|
Batting: LHB Roald Jacobs
|
0-0: Ball 1-0: Ball 2-0: Called Strike 2-1: Fly out, F9 (Flyball, 89M, EV 78.1 MPH)
|
Bottom of the 3rd over - 0 runs, 1 hit, 0 errors, 2 left on base; Minnesota (NYP) 3 - Staten Island 1 |
TOP OF THE 4TH |
Minnesota (NYP) Twins batting - Pitching for Staten Island Yankees : RHP Ruud Reintjens
|
Batting: RHB Ruben Torres
|
0-0: Ground out 3-1 (Groundball, 34, EV 96.9 MPH)
|
Batting: LHB Chris Munguia
|
0-0: Called Strike 0-1: Foul Ball, location: 2F 0-2: Ground out U3 (Groundball, 3L, EV 76.9 MPH)
|
Batting: RHB David Nardone
|
0-0: Ground out 4-3 (Groundball, 4, EV 78.1 MPH)
|
Top of the 4th over - 0 runs, 0 hits, 0 errors, 0 left on base; Minnesota (NYP) 3 - Staten Island 1 |
BOTTOM OF THE 4TH |
Staten Island Yankees batting - Pitching for Minnesota (NYP) Twins : RHP Dean Huch
|
Batting: RHB Andres Valles
|
0-0: Foul Ball, location: 2F 0-1: Foul Ball, location: 2F 0-2: SOLO HOME RUN (Flyball, 89XD, EV 102.5 MPH), Distance : 414 ft
|
Batting: LHB Tatsuo Yasui
|
0-0: Ball 1-0: Ball 2-0: Called Strike 2-1: Ground out 4-3 (Groundball, 4, EV 84.4 MPH)
|
Batting: RHB Chris Diaz
|
0-0: Ball 1-0: Ball 2-0: Ball 3-0: Called Strike 3-1: Base on Balls
|
Batting: LHB Mario Hurtado
|
0-0: Ball 1-0: Ball Chris Diaz steals 2nd base (no throw) 2-0: SINGLE (Line Drive, 34, EV 99.4 MPH) Chris Diaz to third Runner from 3rd tries for Home, SAFE, throw by RF to home Mario Hurtado to second
|
Batting: RHB Chris Yancey
|
0-0: Ball 1-0: Ball 2-0: Foul Ball, location: 2F 2-1: Ball 3-1: Base on Balls
|
Pitching: RHP Kevin Colgin
|
|
Batting: SHB Victor Martinez
|
0-0: Called Strike 0-1: Ball 1-1: Ball 2-1: Swinging Strike 2-2: Foul Ball, location: 2F 2-2: Ball 3-2: Strikes out swinging
|
Batting: RHB Luwen Storm
|
0-0: Called Strike 0-1: Ball 1-1: Ball 2-1: DOUBLE (Flyball, 8RXD, EV 108.1 MPH) Mario Hurtado scores Chris Yancey to third
|
Batting: RHB Steve Martin
|
0-0: Called Strike 0-1: Ball 1-1: Ball 2-1: Foul Ball, location: 2F 2-2: DOUBLE (Line Drive, 9LS, EV 103.8 MPH) Chris Yancey scores Luwen Storm scores
|
Batting: LHB Roald Jacobs
|
0-0: Called Strike 0-1: Ball 1-1: Ball 2-1: SINGLE (Groundball, 34D, EV 96.2 MPH) Steve Martin to third Runner from 3rd tries for Home, SAFE, throw by RF to home Roald Jacobs to second
|
Pitching: RHP Matt Lundy
|
|
Batting: RHB Andres Valles
|
0-0: Called Strike 0-1: Foul Ball, location: 2F 0-2: Foul Ball, location: 2F 0-2: Ball Wild Pitch! Roald Jacobs to third 1-2: Foul Ball, location: 2F 1-2: Ball 2-2: Foul Ball, location: 2F 2-2: Hit by Pitch
|
Batting: LHB Tatsuo Yasui
|
0-0: Ball 1-0: Ball 2-0: Foul Ball, location: 2F 2-1: Foul Ball, location: 2F 2-2: Foul Ball, location: 2F 2-2: Foul Ball, location: 2F 2-2: Ball 3-2: Base on Balls Andres Valles to second
|
Batting: RHB Chris Diaz
|
0-0: Ball 1-0: Ball 2-0: Foul Ball, location: 2F 2-1: Called Strike 2-2: Ball 3-2: Base on Balls Roald Jacobs scores Andres Valles to third Tatsuo Yasui to second
|
Batting: LHB Mario Hurtado
|
0-0: Ball 1-0: Called Strike 1-1: DOUBLE (Groundball, 5L, EV 101.2 MPH) Andres Valles scores Tatsuo Yasui scores Chris Diaz to third
|
Batting: RHB Chris Yancey
|
0-0: Foul Ball, location: 2F 0-1: Swinging Strike 0-2: DOUBLE (Flyball, 78D, EV 93.8 MPH) Chris Diaz scores Mario Hurtado scores
|
Batting: SHB Victor Martinez
|
0-0: SINGLE (Line Drive, 4M, EV 96.2 MPH) Chris Yancey to third Runner from 3rd tries for Home, SAFE, throw by CF to home
|
Pitching: RHP Seung-jun Chang
|
|
Batting: RHB Luwen Storm
|
0-0: Ball 1-0: Ball 2-0: Foul Ball, location: 2F 2-1: Ball 3-1: Base on Balls Victor Martinez to second
|
Batting: RHB Steve Martin
|
0-0: 3-RUN HOME RUN (Flyball, 7LD, EV 93.1 MPH), Distance : 346 ft
|
Batting: LHB Roald Jacobs
|
0-0: Swinging Strike 0-1: Ground out 5-3 (Groundball, 5, EV 104.4 MPH)
|
Bottom of the 4th over - 15 runs, 9 hits, 0 errors, 0 left on base; Minnesota (NYP) 3 - Staten Island 16 |
TOP OF THE 5TH |
Minnesota (NYP) Twins batting - Pitching for Staten Island Yankees : RHP Ruud Reintjens
|
Batting: RHB Miguel Diaz
|
0-0: Foul Ball, location: 2F 0-1: Ball 1-1: Ball 2-1: Ball 3-1: Foul Ball, location: 2F 3-2: Fly out, F6 (Popup, 6MD, EV 62.5 MPH)
|
Batting: RHB Jose Nunez
|
0-0: Ball 1-0: Ball 2-0: Ball 3-0: Called Strike 3-1: Foul Ball, location: 2F 3-2: Foul Ball, location: 2F 3-2: Base on Balls
|
Batting: RHB Sean Gould
|
0-0: Ball 1-0: Ball 2-0: Called Strike 2-1: Swinging Strike 2-2: Ball Balk! Jose Nunez to second 3-2: Strikes out looking
|
Batting: RHB Graham Calvert
|
0-0: Ball 1-0: Ground out 6-3 (Groundball, 56, EV 78.8 MPH)
|
Top of the 5th over - 0 runs, 0 hits, 0 errors, 1 left on base; Minnesota (NYP) 3 - Staten Island 16 |
BOTTOM OF THE 5TH |
Staten Island Yankees batting - Pitching for Minnesota (NYP) Twins : RHP Seung-jun Chang
|
Batting: RHB Andres Valles
|
0-0: Foul Ball, location: 2F 0-1: Called Strike 0-2: Strikes out swinging
|
Batting: LHB Tatsuo Yasui
|
0-0: Ball 1-0: Ball 2-0: SINGLE (Groundball, 34D, EV 104.4 MPH)
|
Batting: RHB Chris Diaz
|
0-0: Ball 1-0: Ball 2-0: Ball Wild Pitch! Tatsuo Yasui to second 3-0: Called Strike 3-1: SINGLE (Line Drive, 6MD, EV 102.5 MPH) Tatsuo Yasui to third Runner from 3rd tries for Home, throw by CF and OUT! 8-2 Chris Diaz to second
|
Batting: LHB Mario Hurtado
|
0-0: Ball 1-0: Ball 2-0: Fly out, F8 (Flyball, 89M, EV 88.1 MPH)
|
Bottom of the 5th over - 0 runs, 2 hits, 0 errors, 1 left on base; Minnesota (NYP) 3 - Staten Island 16 |
TOP OF THE 6TH |
Minnesota (NYP) Twins batting - Pitching for Staten Island Yankees : RHP Ruud Reintjens
|
Batting: RHB Tony Crespo
|
0-0: Foul Ball, location: 2F 0-1: Ball 1-1: Foul Ball, location: 2F 1-2: Foul Ball, location: 2F 1-2: Strikes out swinging
|
Batting: SHB Donell Burney
|
0-0: Called Strike 0-1: Ball 1-1: Foul Ball, location: 2F 1-2: Ground out 4-3 (Groundball, 4M, EV 75.6 MPH)
|
Batting: RHB Ruben Torres
|
0-0: Called Strike 0-1: Swinging Strike 0-2: Ball 1-2: Strikes out looking
|
Top of the 6th over - 0 runs, 0 hits, 0 errors, 0 left on base; Minnesota (NYP) 3 - Staten Island 16 |
BOTTOM OF THE 6TH |
Staten Island Yankees batting - Pitching for Minnesota (NYP) Twins : RHP Seung-jun Chang
|
Batting: RHB Chris Yancey
|
0-0: Ball 1-0: Hit by Pitch
|
Batting: SHB Victor Martinez
|
0-0: Ball 1-0: Ball 2-0: SINGLE (Groundball, 4MD, EV 95.0 MPH) Chris Yancey to second
|
Batting: RHB Luwen Storm
|
0-0: Fly out, F8 (Flyball, 8RXD, EV 108.1 MPH) Runner from 2nd tags up, SAFE at 3rd, no throw by CF
|
Batting: RHB Steve Martin
|
0-0: Ball 1-0: Ball 2-0: Called Strike 2-1: Ball 3-1: Foul Ball, location: 2F 3-2: Base on Balls Victor Martinez to second
|
Batting: LHB Roald Jacobs
|
0-0: Hit by Pitch Chris Yancey scores Victor Martinez to third Steve Martin to second
|
Batting: RHB Andres Valles
|
0-0: Called Strike 0-1: Foul Ball, location: 2F 0-2: Ball 1-2: Ball 2-2: Ball 3-2: Base on Balls Victor Martinez scores Steve Martin to third Roald Jacobs to second
|
Pitching: RHP Chris Starcher
|
|
Batting: LHB Tatsuo Yasui
|
0-0: Ball 1-0: Called Strike 1-1: Foul Ball, location: 2F 1-2: Fielders Choice at 2nd, 5-4 (Groundball, 56, EV 88.1 MPH) Steve Martin scores Roald Jacobs to third
|
Batting: RHB Chris Diaz
|
0-0: Ground out 4-3 (Groundball, 34, EV 91.2 MPH)
|
Bottom of the 6th over - 3 runs, 1 hit, 0 errors, 2 left on base; Minnesota (NYP) 3 - Staten Island 19 |
TOP OF THE 7TH |
Minnesota (NYP) Twins batting - Pitching for Staten Island Yankees : RHP Ruud Reintjens
|
Batting: LHB Chris Munguia
|
0-0: Swinging Strike 0-1: Ground out U3 (Groundball, 34S, EV 70.6 MPH)
|
Batting: RHB David Nardone
|
0-0: Ball 1-0: Ball 2-0: DOUBLE (Groundball, 5L, EV 103.8 MPH)
|
Pitching: LHP David Meadows
|
|
Batting: RHB Miguel Diaz
|
0-0: Called Strike 0-1: Ball 1-1: DOUBLE (Flyball, 8RXD, EV 108.8 MPH) David Nardone scores
|
Batting: RHB Jose Nunez
|
0-0: Called Strike 0-1: Ball Balk! Miguel Diaz to third 1-1: Called Strike 1-2: Foul Ball, location: 2F 1-2: Ball 2-2: Ground out 2-3 (Groundball, 2L, EV 76.2 MPH)
|
Batting: RHB Sean Gould
|
0-0: Ground out 4-3 (Groundball, 4M, EV 100.0 MPH)
|
Top of the 7th over - 1 run, 2 hits, 0 errors, 1 left on base; Minnesota (NYP) 4 - Staten Island 19 |
BOTTOM OF THE 7TH |
Staten Island Yankees batting - Pitching for Minnesota (NYP) Twins : RHP Chris Starcher
|
Batting: LHB Mario Hurtado
|
0-0: Ball 1-0: Ball 2-0: Called Strike 2-1: Foul Ball, location: 2F 2-2: Foul Ball, location: 2F 2-2: Fly out, F8 (Flyball, 89D, EV 101.9 MPH)
|
Batting: RHB Chris Yancey
|
0-0: Ball 1-0: Called Strike 1-1: Ground out 5-3 (Groundball, 5, EV 80.0 MPH)
|
Batting: SHB Victor Martinez
|
0-0: Foul Ball, location: 2F 0-1: Ball 1-1: Called Strike 1-2: Foul Ball, location: 2F 1-2: Ground out U3 (Groundball, 3, EV 105.6 MPH)
|
Bottom of the 7th over - 0 runs, 0 hits, 0 errors, 0 left on base; Minnesota (NYP) 4 - Staten Island 19 |
TOP OF THE 8TH |
Minnesota (NYP) Twins batting - Pitching for Staten Island Yankees : LHP David Meadows
|
Batting: RHB Graham Calvert
|
0-0: Foul Ball, location: 2F 0-1: Ball 1-1: Ball 2-1: Ball 3-1: Base on Balls
|
Batting: RHB Tony Crespo
|
0-0: Ball 1-0: Called Strike 1-1: Ball 2-1: Fly out, F8 (Flyball, 8LM, EV 95.0 MPH)
|
Batting: SHB Donell Burney
|
0-0: Ball 1-0: Foul Ball, location: 2F 1-1: Called Strike 1-2: Grounds into double play, 5-4-3 (Groundball, 5, EV 88.8 MPH)
|
Top of the 8th over - 0 runs, 0 hits, 0 errors, 0 left on base; Minnesota (NYP) 4 - Staten Island 19 |
BOTTOM OF THE 8TH |
Staten Island Yankees batting - Pitching for Minnesota (NYP) Twins : RHP Chris Starcher
|
Batting: RHB Luwen Storm
|
0-0: Ball 1-0: Swinging Strike 1-1: Called Strike 1-2: SINGLE (Flyball, 8RS, EV 88.1 MPH)
|
Batting: RHB Steve Martin
|
0-0: Ball 1-0: Ball 2-0: Called Strike 2-1: Ball 3-1: Swinging Strike 3-2: Strikes out looking
|
Batting: LHB Roald Jacobs
|
0-0: Ball 1-0: Fly out, F8 (Flyball, 78M, EV 90.0 MPH)
|
Batting: RHB Andres Valles
|
0-0: Foul Ball, location: 2F 0-1: TRIPLE (Flyball, 78XD, EV 92.5 MPH) Luwen Storm scores
|
Pinch Hitting: RHB Walt Couch
|
0-0: Called Strike 0-1: Foul Ball, location: 2F 0-2: Hit by Pitch
|
Pinch Hitting: RHB Lorenzo Vasquez
|
0-0: Ball 1-0: Ball 2-0: Called Strike 2-1: Called Strike 2-2: Ball 3-2: Base on Balls Walt Couch to second
|
Batting: LHB Mario Hurtado
|
0-0: Foul Ball, location: 2F 0-1: Foul Ball, location: 2F 0-2: Ball 1-2: Foul Ball, location: 2F 1-2: Fly out, F8 (Line Drive, 8RD, EV 96.9 MPH)
|
Bottom of the 8th over - 1 run, 2 hits, 0 errors, 3 left on base; Minnesota (NYP) 4 - Staten Island 20 |
TOP OF THE 9TH |
Minnesota (NYP) Twins batting - Pitching for Staten Island Yankees : LHP David Meadows
|
Now at 1B: Walt Couch
|
|
Now at 3B: Lorenzo Vasquez
|
|
Batting: RHB Ruben Torres
|
0-0: SINGLE (Groundball, 56D, EV 104.4 MPH)
|
Batting: LHB Chris Munguia
|
0-0: Ball 1-0: Foul Ball, location: 2F 1-1: Foul Ball, location: 2F 1-2: Grounds out, U3 (Groundball, 3L, EV 101.9 MPH)
|
Batting: RHB David Nardone
|
0-0: Ball 1-0: Ground out 2-3 (Groundball, 13S, EV 61.9 MPH) Ruben Torres to third
|
Batting: RHB Miguel Diaz
|
0-0: Ball 1-0: Foul Ball, location: 2F 1-1: Ball 2-1: SINGLE (Groundball, 6MD, EV 98.1 MPH) Ruben Torres scores
|
Batting: RHB Jose Nunez
|
0-0: Ball 1-0: Ball 2-0: Ball 3-0: Base on Balls Miguel Diaz to second
|
Pinch Hitting: RHB Ben Berger
|
0-0: Called Strike 0-1: Swinging Strike 0-2: Strikes out swinging
|
Top of the 9th over - 1 run, 2 hits, 0 errors, 2 left on base; Minnesota (NYP) 5 - Staten Island 20 |
|